 Dungeon Crawl Stone Soup version 0.16.2-12-gd0ad4c3 (webtiles) character file.

183 Peloso the Shield-Bearer (level 5, -9/47 HPs)
             Began as a Minotaur Fighter on Sept 23, 2015.
             Mangled by Prince Ribbit (17 damage)
             ... on level 4 of the Dungeon.
             The game lasted 00:07:46 (2095 turns).

Peloso the Shield-Bearer (Minotaur Fighter)         Turns: 2095, Time: 00:07:46

Health: -9/47      AC:  7    Str: 21    XL:     5   Next: 35%
Magic:  2/2        EV: 10    Int:  5    God:
Gold:   169        SH:  0    Dex: 10    Spells: 0 memorised, 4 levels left

rFire  . . .     SeeInvis .     l - +0 great sword
rCold  . . .     Clarity  .     b - +0 scale mail
rNeg   . . .     SustAb   .     (no shield)
rPois  .         Gourm    .     (helmet restricted)
rElec  .         Spirit   .     (no cloak)
rCorr  .         Warding  .     (no gloves)
rMut   .         Stasis   .     (no boots)
MR     .....                    (no amulet)
Stlth  +.........               (no ring)
                                g - ring of stealth

@: not resistant to hostile enchantments, very unstealthy
A: retaliatory headbutt, horns 2
a: no special abilities


You were on level 4 of the Dungeon.
You were not hungry.

You visited 1 branch of the dungeon, and saw 4 of its levels.

You collected 169 gold pieces.

Inventory:

Hand weapons
 a - a +0 long sword
 l - a +0 great sword (weapon)
Missiles
 k - a tomahawk (quivered)
Armour
 b - a +0 scale mail (worn)
 c - a +1 shield
Jewellery
 g - a ring of stealth (left hand)
Scrolls
 i - 2 scrolls of identify
 j - a scroll of random uselessness {unknown}
 p - a scroll of fog
Potions
 e - a potion of might
 f - 2 potions of poison {unknown}
 m - 2 potions of cancellation
 n - a potion of mutation
 o - a potion of heal wounds {unknown}
Comestibles
 d - 2 bread rations
 h - 11 chunks of flesh


   Skills:
 + Level 4.7 Fighting
 + Level 3.4 Long Blades
 + Level 4.4 Armour
 + Level 1.4 Dodging
 + Level 0.3 Stealth
 + Level 5.0 Shields


You had 4 spell levels left.
You didn't know any spells.

Dungeon Overview and Level Annotations

Branches:
Dungeon (4/15)
 Temple: D:4-7

Altars:
Elyvilon
Kikubaaqudgha
Nemelex Xobeh
Qazlal
Sif Muna
Xom

Annotations:
D:4 Prince Ribbit


Innate Abilities, Weirdness & Mutations

You reflexively headbutt those who attack you in melee.
You have a pair of horns on your head.


Message History

Prince Ribbit closely misses you. The kobold closely misses you.
You furiously retaliate!
You headbutt the kobold.
You kill the kobold!
Prince Ribbit misses you. You furiously retaliate!
You headbutt Prince Ribbit.
Prince Ribbit blinks!
You see here a dagger.
Prince Ribbit hits you!
You miss Prince Ribbit. Your headbutt misses Prince Ribbit.
Prince Ribbit is lightly wounded.
Prince Ribbit closely misses you. Prince Ribbit completely misses you.
You slash Prince Ribbit!
Prince Ribbit is heavily wounded.
Prince Ribbit hits you but does no damage.
Prince Ribbit closely misses you.
You slash Prince Ribbit!
Prince Ribbit is severely wounded.
Prince Ribbit hits you!
* * * LOW HITPOINT WARNING * * *
Prince Ribbit hits you!
You die...

##...# ##†.##
..# #^..# ..#
##..# #..#
#..## ...#
#...# ...#
##..# ##..#
#..## #F..#
##..#
#@..#####.
#..###.........
##....)...#####
#.####..### ##
####


You could see Prince Ribbit.

Vanquished Creatures
  An orc wizard (D:3)
  4 adders
  2 giant mites
  3 worms
  2 oozes
  7 orcs (D:3)
  A ball python (D:2)
  2 giant cockroaches (D:3)
  11 goblins
  9 hobgoblins
  4 jackals (D:3)
  9 kobolds
  3 quokkas
  9 bats
  2 giant newts
  9 rats
78 creatures vanquished.

Vanquished Creatures (others)
  5 sheep (D:3)
  An orc (D:3)
6 creatures vanquished.

Grand Total: 84 creatures vanquished

Notes
Turn   | Place    | Note
--------------------------------------------------------------
     0 | D:1      | Peloso, the Minotaur Fighter, began the quest for the Orb.
     0 | D:1      | Reached XP level 1. HP: 19/19 MP: 1/1
   151 | D:1      | Reached XP level 2. HP: 24/27 MP: 1/1
   187 | D:1      | Reached skill level 4 in Armour
   473 | D:1      | Reached XP level 3. HP: 30/33 MP: 2/2
   733 | D:2      | Found an ancient bone altar of Kikubaaqudgha.
   788 | D:2      | Found a white marble altar of Elyvilon.
   885 | D:2      | Reached XP level 4. HP: 24/40 MP: 2/2
   962 | D:2      | Found a deep blue altar of Sif Muna.
   964 | D:2      | Found a sparkling altar of Nemelex Xobeh.
  1095 | D:3      | Reached skill level 1 in Dodging
  1440 | D:3      | Reached skill level 5 in Shields
  1548 | D:3      | Reached XP level 5. HP: 40/47 MP: 2/2
  1657 | D:3      | Found a stormy altar of Qazlal.
  1949 | D:3      | Found a shimmering altar of Xom.
  2087 | D:4      | Noticed Prince Ribbit
  2095 | D:4      | Mangled by Prince Ribbit

Action                   |  1- 3 |  4- 6 || total
-------------------------+-------+-------++-------
Melee: Long sword        |    66 |    42 ||   108
       Great sword       |       |    81 ||    81
  Use: Scroll            |       |     9 ||     9
  Eat: Bread ration      |       |     1 ||     1
